 Dungeon Crawl Stone Soup version 0.31-a0-986-g5e6e4ef867 (webtiles) character file.

Game seed: 9840869543715998140

338 porpoise the Poker (level 6, 0/66 HPs)
             Began as an Ogre Gladiator on Nov 9, 2023.
             Slain by a steam dragon (7 damage)
             ... on level 4 of the Dungeon.
             The game lasted 00:07:52 (2572 turns).

porpoise the Poker (Ogre Gladiator)                 Turns: 2572, Time: 00:07:52

Health: 0/66       AC:  3    Str: 21    XL:     6   Next: 55%
Magic:  6/6        EV: 15    Int:  9    God:
Gold:   152        SH:  0    Dex: 10    Spells: 5/5 levels left

rFire   . . .        a - +0 trident
rCold   . . .        (no shield)
rNeg    . . .        t - +0 robe
rPois   .            c - +0 hat
rElec   .            (no cloak)
rCorr   +            (gloves unavailable)
SInv    .            (boots unavailable)
Will    .....        l - amulet of regeneration
Stlth   +            f - +5 ring of evasion
HPRegen 1.11/turn    h - ring of resist corrosion
MPRegen 0.10/turn

%: no passive effects
@: no status effects
A: large, unfitting armour, tough skin 1
a: no special abilities


You were on level 4 of the Dungeon.
You visited 1 branch of the dungeon, and saw 4 of its levels.

You collected 152 gold pieces.

Inventory:

Hand Weapons
 a - a +0 trident (weapon)
Missiles
 r - 6 poisoned darts
Armour
 c - a +0 hat (worn)
 t - a +0 robe (worn)
Jewellery
 f - a +5 ring of evasion (left hand)
 h - a ring of resist corrosion (right hand)
 k - an amulet of guardian spirit
 l - an amulet of regeneration (around neck)
 s - a +6 ring of intelligence
Wands
 e - a wand of flame (15)
Scrolls
 b - a scroll of poison {unknown}
 i - 3 scrolls of identify
 j - 3 scrolls of vulnerability
 m - a scroll of butterflies {unknown}
 n - 3 scrolls of fog
 q - a scroll of teleportation
 u - a scroll of noise {unknown}
 v - a scroll of enchant weapon {unknown}
Potions
 o - a potion of brilliance
 p - a potion of enlightenment


   Skills:
 + Level 5.5 Fighting
 * Level 6.0 Polearms
 - Level 2.0 Throwing
 - Level 2.6 Dodging


You had 5 spell levels left.
You didn't know any spells.
Your spell library contained the following spells:

 Spells                   Type           Power      Damage    Failure   Level
 Volatile Blastmotes      Fire/Tloc      0%         2d10      77%         3
 Fulminant Prism          Conj/Hex       0%         3d5       99%         4
 Iskenderun's Mystic Bla  Conj/Tloc      0%         2d3       99%         4


Dungeon Overview and Level Annotations

Branches:
Dungeon (4/15)
 Temple: D:4-7

Altars:
Elyvilon


Innate Abilities, Weirdness & Mutations

You are too large for most types of armour.
You have tough skin. (AC +1)


Message History

The steam dragon barely misses you. The steam dragon closely misses you.
Throw: throwing net
Press: ? - help, Q - select action, (/) - cycle Shift-Dir - straight line, f/p - steam dragon
Aim: a steam dragon (heavily wounded, 56% to hit)
You throw a throwing net. The throwing net hits the steam dragon.
The steam dragon is caught in the net!
The steam dragon is heavily wounded.
The steam dragon struggles against the net.
You are too injured to fight recklessly!
You are too injured to fight recklessly!
You hit the steam dragon.
The steam dragon is severely wounded.
The steam dragon struggles against the net.
You catch the helpless steam dragon completely off-guard!
You hit the steam dragon but do no damage.
The steam dragon is severely wounded.
The steam dragon struggles against the net.
You catch the helpless steam dragon completely off-guard!
You puncture the steam dragon!
The steam dragon is almost dead.
The steam dragon struggles against the net.
You hit the steam dragon.
The steam dragon is almost dead.
The steam dragon struggles against the net.
You hit the steam dragon but do no damage.
The steam dragon is almost dead.
The steam dragon struggles against the net.
The net rips apart, and the steam dragon comes free!
You hit the steam dragon but do no damage.
The steam dragon is almost dead.
The steam dragon breathes steam at you. The ball of steam hits you!
* * * LOW HITPOINT WARNING * * *
You hear a shout!
The steam dragon misses you.
The steam dragon claws you but does no damage.
You hit the steam dragon but do no damage.
The steam dragon is almost dead.
The steam dragon bites you!
You die...

............ ### ..#
......#..... #... #.#
......#..... #.§.## #.#
#......#..#.# ..(§..
..#.##...........
(...§.###.#...........#.#
.....§§§..#.........).#.#
......§§......#..#...##.#
#§@.......#..†.....
+.D.#...#.#..#....#
#.#.....###.#......
#.#...#............
#.#...#####.##.##..
..#....<# #...#......
.........###......####
..##.......#......#### #
###.####...##.#.....


You could see a steam dragon.

Vanquished Creatures
  A scorpion (D:4)
  2 iguanas
  Jessica (D:3)
  Natasha (twice) (D:3)
  Ijyb (D:4)
  9 adders
  2 worms (D:2)
  4 ball pythons
  7 endoplasms
  2 giant cockroaches
  3 goblins
  3 hobgoblins
  2 quokkas
  A bat (D:2)
  3 kobolds
  4 rats
47 creatures vanquished.

Notes
Turn   | Place    | Note
-------+----------+-------------------------------------------
     0 | D:1      | porpoise the Ogre Gladiator began the quest for the Orb.
     0 | D:1      | Reached XP level 1. HP: 22/22 MP: 1/1
   167 | D:1      | Found a faded altar of an unknown god.
   763 | D:2      | Reached XP level 2. HP: 27/31 MP: 2/2
   795 | D:2      | Reached XP level 3. HP: 36/37 MP: 3/3
  1138 | D:2      | Reached skill level 4 in Polearms
  1362 | D:2      | Reached XP level 4. HP: 34/48 MP: 4/4
  1624 | D:3      | Noticed Natasha
  1631 | D:3      | Killed Natasha
  1733 | D:3      | Noticed Jessica
  1741 | D:3      | Reached XP level 5. HP: 55/55 MP: 5/5
  1741 | D:3      | Killed Jessica
  1742 | D:3      | Reached skill level 5 in Polearms
  1858 | D:3      | Found a white marble altar of Elyvilon.
  1993 | D:3      | Noticed Natasha
  1999 | D:3      | Killed Natasha
  2163 | D:3      | Reached skill level 5 in Fighting
  2349 | D:4      | Reached XP level 6. HP: 57/66 MP: 6/6
  2417 | D:4      | Noticed Ijyb
  2423 | D:4      | Killed Ijyb
  2467 | D:4      | Reached skill level 6 in Polearms
  2543 | D:4      | Noticed a steam dragon
  2558 | D:4      | HP: 3/66 [steam dragon/ball of steam (10)]
  2572 | D:4      | Slain by a steam dragon

Illustrated notes

Levels and vault maps discovered:
D:1:      saegor_arrival_simple_e, layout_loops_corners,
          chequers_ecumenical_altar_grove
D:2:      layout_basic, amcnicky_mini_rare_corridor_liquid, serial_bayou_pond_e,
          minmay_quantized
D:3:      layout_loops_cross, mainiacjoe_overflow_small_starburst,
          grunt_ministairs_2, uniq_jessica, uniq_natasha
D:4:      layout_basic, minmay_temple_entry_ruins, uniq_ijyb

Skill      XL: |  1  2  3  4  5  6 |
---------------+-------------------+-----
Fighting       | 3 4 5 |  5.5
Polearms       | 4 5 6 |  6.0
Throwing       | |  2.0
Dodging        | |  2.6

Action                     |  1- 3 |  4- 6 || total
---------------------------+-------+-------++-------
  Melee: Trident           |    91 |   116 ||   207
  Throw: Throwing net      |       |     5 ||     5
         Large rock        |       |     1 ||     1
    Use: Scroll            |     2 |     4 ||     6
         Potion            |       |     1 ||     1
   Stab: Sleeping          |       |     1 ||     1
         Held in net/web   |       |     3 ||     3
 Armour: Robe              |    28 |    44 ||    72
  Dodge: Dodged            |    53 |    61 ||   114

Table legend: (Time is in decaauts)
 A = Elapsed time spent in this place.
 B = Non-inter-level travel time spent in this place.
 C = Inter-level travel time spent in this place.
 D = Time resting spent in this place.
 E = Time spent auto-exploring this place.
 F = Levels seen in this place.
 G = Mean time per level.
                   A        B        C        D        E       F      G
               +--------+--------+--------+--------+--------+-----+--------+
         Total |   2592 |   2505 |     87 |    380 |   1611 |   4 |  648.0 |
       Dungeon |   2592 |   2505 |     87 |    380 |   1611 |   4 |  648.0 |
               +--------+--------+--------+--------+--------+-----+--------+

Top non-repeatable levels by time:
     D:2: 795 daAuts
     D:3: 789 daAuts
     D:1: 753 daAuts
     D:4: 254 daAuts
